AoeStats
← shi China

Arena

507466379Analyzed
1v1 RM · 15d ago on Sep 18, 2026· 28m 50s· 2 players
Game mode
Random Map
Map size
Tiny (2 player)
Population
200
Speed
Normal
Resources
Standard
Victory
Conquest
Starting age
Dark Age
Ending age
Imperial Age
RankedLock teamsTeams togetherTeam positionsShared explorationLock speedFull tech treeHidden civsTurbo modeCheats
Victory
Defeat
🇹🇷 Spanish · Türkiye
1039
+18
🇨🇳 Malay · China
1076
-18
✪ BlackJack
10:38 Feudal Age
16:14 Castle Age
15:48 Stone Mining
15:45 Double-Bit Axe
20:21 Horse Collar
23:27 Wheelbarrow
22:55 Heavy Plow
23:46 Bow Saw
28:37 Imperial Age
28:33 Hand Cart
28:11 Gold Mining
shi China
6:24 Loom
9:57 Feudal Age
10:45 Man-at-Arms
21:03 Castle Age
19:54 Padded Archer Armor
19:48 Fletching
20:05 Padded Archer Armor
20:20 Crossbowman
22:13 Fletching
26:00 Double-Bit Axe
29:03 Leather Archer Armor
Connection lost

Rejoining the realm…

Still unreachable

The connection could not be restored.

Session expired

The server has moved on; the page needs a fresh start.